 Dungeon Crawl Stone Soup version 0.29.0-4-gdea44cf6ec (webtiles) character file.

Game seed: 2734551260216206306

45 GigaChad the Grave Robber (level 3, -2/21 HPs)
             Began as a Vampire Necromancer on Aug 25, 2022.
             Was a Follower of Hepliaklqana.
             Slain by a gnoll
             ... wielding a +0 whip
              (9 damage)
             ... on level 2 of the Dungeon on Aug 26, 2022.
             The game lasted 00:04:40 (1156 turns).

GigaChad the Grave Robber (Vampire Necromancer)     Turns: 1156, Time: 00:04:40

Health: -2/21      AC:  2    Str:  7    XL:     3   Next: 42%
Magic:  1/6        EV: 12    Int: 17    God:    Hepliaklqana [*.....]
Gold:   33         SH:  0    Dex: 16    Spells: 6/7 levels left

rFire   . . .      SeeInvis +   h - +2 short sword (vamp)
rCold   . . .      Faith    .   (no shield)
rNeg    . . .      Spirit   .   a - +0 robe
rPois   .          Reflect  .   (no helmet)
rElec   .          Harm     .   (no cloak)
rCorr   .          Rampage  .   (no gloves)
Will    .....                   (no boots)
Stlth   ++........              (no amulet)
HPRegen 0.27/turn               (no ring)
MPRegen 0.10/turn               (no ring)

@: healing quickly
A: reduced essence, alive, fangs 3, see invisible, vampiric 2
a: Exsanguinate, Renounce Religion, Recall Ancestor, Ancestor Identity


You were on level 2 of the Dungeon.
You worshipped Hepliaklqana.
Hepliaklqana was aware of your devotion.
You visited 1 branch of the dungeon, and saw 2 of its levels.

You collected 33 gold pieces.

Inventory:

Hand Weapons
 h - a +2 vampiric short sword (weapon)
Missiles
 c - 4 atropa-tipped darts
Armour
 a - a +0 robe (worn)
Potions
 b - a potion of magic
 f - a potion of resistance {unknown}


   Skills:
 + Level 0.1 Short Blades
 + Level 2.2 Dodging
 + Level 3.2 Stealth
 + Level 2.5 Spellcasting
 + Level 5.3 Necromancy


You had 6 spell levels left.
You knew the following spells:

 Your Spells              Type           Power      Damage    Failure   Level
a - Necrotise             Necr           80%        1d8       1%          1

Your spell library contained the following spells:

 Spells                   Type           Power      Damage    Failure   Level
 Vampiric Draining        Necr           20%        2d7       6%          3
 Animate Dead             Necr           20%        N/A       21%         4
 Agony                    Necr           20%        N/A       50%         5


Dungeon Overview and Level Annotations

Branches:
Dungeon (2/15)

Altars:
Hepliaklqana


Innate Abilities, Weirdness & Mutations

Your life essence is reduced to manifest your ancestor. (-10% HP)
Your natural rate of healing is accelerated.
You have razor-sharp teeth.
You have supernaturally acute eyesight. (SInv)
You are afflicted with vampirism and can become a bat while bloodless.


Message History

You feel agile. x2
You can now turn into a vampire bat when bloodless.
The gnoll writhes in agony!
The gnoll barely resists.
You are out of magic!
The gnoll closely misses you.
You see here a +0 whip.
You hit the gnoll.
The gnoll is severely wounded.
The gnoll hits you with a +0 club.
You closely miss the gnoll.
The gnoll is severely wounded.
The gnoll misses you.
You barely miss the gnoll.
The gnoll is severely wounded.
The gnoll barely misses you.
You barely miss the gnoll.
The gnoll is severely wounded.
The gnoll barely misses you.
You barely miss the gnoll.
The gnoll is severely wounded.
The gnoll barely misses you.
You completely miss the gnoll. You bite the gnoll.
The gnoll is almost dead.
The gnoll misses you.
You hit the gnoll but do no damage.
The gnoll is almost dead.
The gnoll closely misses you.
You hit the gnoll.
You feel better.
The gnoll is almost dead.
The gnoll hits you with a +0 club.
You hit the gnoll but do no damage. You bite the gnoll.
You kill the gnoll!
The gnoll hits you with a +0 whip.
You hit the gnoll but do no damage. The gnoll hits you with a +0 whip.
You hit the gnoll but do no damage. You punch the gnoll.
Your bite misses the gnoll.
The gnoll is lightly wounded.
The gnoll hits you with a +0 whip!
You die...

#.# #.# #.# #.# #
#.# .
....##############.#
.
........g@......##.#
.
......#########<...#
# ...## ###### # K
## .####.. ......#
.###### .#


You could see a gnoll.

Vanquished Creatures
  2 gnolls (D:2)
  A ball python (D:1)
  2 bats
  3 endoplasms (D:1)
  A giant cockroach (D:1)
  2 goblins (D:1)
  A hobgoblin (D:1)
  2 jackals (D:1)
  2 kobolds (D:1)
  A quokka (D:1)
  A frilled lizard (D:1)
  3 rats (D:1)
21 creatures vanquished.

Vanquished Creatures (collateral kills)
  A jackal (D:1)
  A rat (D:1)
2 creatures vanquished.

Vanquished Creatures (others)
  2 ancestors
2 creatures vanquished.

Grand Total: 25 creatures vanquished

Notes
Turn   | Place    | Note
-------+----------+-------------------------------------------
     0 | D:1      | GigaChad the Vampire Necromancer began the quest for the
                  | Orb.
     0 | D:1      | Reached XP level 1. HP: 13/13 MP: 3/3
   214 | D:1      | Reached XP level 2. HP: 19/19 MP: 1/5
   357 | D:1      | Found a faded altar of an unknown god.
   372 | D:1      | Prayed at the altar of an unknown god.
   372 | D:1      | Became a worshipper of Hepliaklqana the Forgotten
   372 | D:1      | Reached * piety under Hepliaklqana
   661 | D:1      | Reached skill level 5 in Necromancy
   834 | D:1      | Upgraded the game from 0.29.0-3-gbb0933ed62 to
                  | 0.29.0-4-gdea44cf6ec
  1143 | D:2      | Gained mutation: You are afflicted with vampirism and can
                  | become a bat while bloodless. [Vampire growth]
  1143 | D:2      | Reached XP level 3. HP: 21/21 MP: 2/6
  1156 | D:2      | Slain by a gnoll

Illustrated notes

Levels and vault maps discovered:
D:1:      scummos_arrival_simple_crosswalls, layout_loops_ring,
          ebering_ecumenical_altar_abandoned
D:2:      layout_rooms, minmay_cupped

Skill      XL: |  1  2 |
---------------+-------+-----
Necromancy     | 5 |  5.3
Short Blades   | |  0.1
Dodging        | |  2.2
Stealth        | |  3.2
Spellcasting   | |  2.5

Action                   || total
-------------------------++-------
Melee: Unarmed           ||     7
       Short sword       ||    28
       Bite              ||     5
       Punch             ||     1
 Cast: Necrotise         ||    29
Invok: Ancestor Identity ||     1
  Use: Scroll            ||     7
Armor: Robe              ||     4
Dodge: Dodged            ||    24
